Map: Turbo Cruise '84 LE

Players

pHARM

  • Race: Zerg Zerg
  • League: Platinum
  • Spawn Location: 7:00

thepatchman - Winner!

  • Race: Zerg Zerg
  • League: Diamond
  • Spawn Location: 3:00

VOD

Have the link to the VOD?

Description

Time

  • Played on: Aug. 8, 2019, 3:06 a.m.
  • Length: 18:36
Show
View Real Time Build Order
Export as new Build Order

pHARM Zerg 

Build Orders: Hatch First, Roach Hydra 

Get SALT Encoding   

  12  0:01  Drone  
  13  0:17  Overlord  
  13  0:19  Drone  
  14  0:37  Drone x2  
  16  0:51  Hatchery  
  16  0:55  Drone  
  16  1:02  Drone x2  
  18  1:16  Spawning Pool  
  17  1:18  Drone  
  18  1:28  Drone  
  19  1:48  Extractor  
  19  1:52  Drone x2  
  20  2:05  Overlord  
  20  2:15  Drone x3, Queen x2  
  23  2:20  Drone  
  28  2:36  Drone x3  
  31  2:43  Drone  
  32  3:01  Drone x3  
  35  3:13  Evolution Chamber  
  35  3:15  Roach Warren  
  33  3:27  Evolution Chamber  
  33  3:33  Queen  
  34  3:34  Drone x2  
  34  3:39  Zerg Missile Weapons Level 1  
  36  3:43  Overlord x2  
  36  3:51  Spine Crawler  
  35  3:58  Drone x2, Baneling Nest  
  35  4:00  Extractor  
  35  4:01  Overlord x2  
  35  4:03  Roach x3, Extractor  
  41  4:28  Drone x4  
  45  4:35  Lair  
  45  4:39  Drone  
  46  4:49  Drone  
  46  4:50  Drone x6  
  53  5:08  Hatchery  
  52  5:16  Drone  
  52  5:18  Roach  
  52  5:19  Roach x6  
  52  5:20  Overlord x2  
  67  5:39  Roach x3  
  73  5:43  Roach x2  
  73  5:44  Glial Reconstitution  
  77  5:53  Zerg Missile Weapons Level 2, Zerg Ground Armor Level 1  
  77  6:04  Hatchery  
  76  6:20  Drone  
  77  6:31  Overlord x3  
  77  6:32  Overlord x2  
  77  6:33  Drone  
  77  6:34  Drone x2  
  77  6:38  Hatchery  
  77  6:47  Spore Crawler  
  77  6:52  Hydralisk Den  
  67  7:07  Spore Crawler  
  60  7:12  Spore Crawler  
  45  7:25  Hydralisk x13  
  45  7:29  Drone  
  72  7:38  Overlord x2  
  72  7:53  Grooved Spines  
  72  8:08  Drone  
  72  8:09  Drone x11  
  84  8:19  Spore Crawler  
  83  8:23  Spore Crawler  
  82  8:27  Drone x4, Spore Crawler  
  82  8:28  Drone x2  
  82  8:32  Extractor  
  86  8:58  Extractor  
  86  9:02  Spine Crawler  
  84  9:03  Drone x6, Extractor  
  84  9:04  Spine Crawler  
  84  9:05  Queen, Muscular Augments  
  84  9:07  Spine Crawler  
  84  9:09  Overlord x2  
  89  9:11  Zerg Ground Armor Level 2  
  89  9:22  Infestation Pit  
  87  9:44  Hydralisk x13  
  113  9:51  Zergling x2  
  113  9:52  Zergling x18  
  123  10:01  Drone x9  
  132  10:09  Hive  
  132  10:14  Metabolic Boost  
  132  10:24  Spore Crawler, Queen x3  
  137  10:39  Hatchery  
  136  10:46  Hydralisk x3  
  136  10:47  Hydralisk x5  
  152  10:51  Overseer  
  152  10:52  Overseer x2  
  152  11:01  Spine Crawler  
  152  11:02  Spine Crawler  
  150  11:07  Spine Crawler  
  149  11:32  Zerg Ground Armor Level 3, Zerg Missile Weapons Level 3  
  100  11:40  Hydralisk x10  
  98  11:53  Hydralisk  
  98  11:54  Hydralisk x4  
  101  12:08  Hydralisk x4  
  107  12:23  Hydralisk  
  107  12:24  Hydralisk x5  
  107  12:27  Roach  
  107  12:28  Roach  
  105  12:38  Hydralisk x3  
  111  13:18  Hatchery  
  80  13:36  Zergling x2  
  80  13:37  Zergling x32  
  87  13:49  Hydralisk x4  
  94  14:14  Hydralisk x9  
  103  14:28  Hydralisk x12  
  114  14:52  Hydralisk x7  
  124  15:27  Drone x10  
  134  15:32  Spore Crawler x3  
  134  15:35  Spine Crawler x2  
  129  15:36  Spine Crawler  
  129  15:40  Spine Crawler  
  127  15:59  Hydralisk x3  
  127  16:03  Overlord x6  
  133  16:09  Extractor  
  133  16:11  Extractor  
  131  16:27  Zergling x28  
  131  16:28  Zergling x6  
  92  17:12  Hydralisk  
  92  17:13  Hydralisk x13  
  89  17:32  Hydralisk  
  89  17:33  Hydralisk x3  
  91  17:38  Hydralisk  
  86  17:50  Hydralisk x2  
  86  17:51  Hydralisk  
  81  18:10  Hydralisk x4  
Show
View Real Time Build Order
Export as new Build Order

thepatchman Zerg - Winner!

Build Orders: Hatch First, Muta Ling Bane 

Get SALT Encoding   

  12  0:01  Drone  
  13  0:12  Overlord  
  13  0:17  Drone  
  14  0:31  Drone x2  
  16  0:50  Hatchery  
  16  0:53  Drone  
  16  0:56  Drone  
  17  1:00  Drone  
  17  1:04  Extractor  
  17  1:17  Spawning Pool  
  16  1:20  Drone  
  16  1:24  Drone  
  18  1:31  Drone  
  19  1:38  Drone  
  20  1:56  Overlord  
  20  2:06  Queen x2  
  20  2:08  Zergling x4  
  26  2:14  Metabolic Boost  
  26  2:17  Drone  
  26  2:20  Drone  
  28  2:30  Drone x2  
  30  2:48  Baneling Nest  
  30  2:49  Drone x3  
  32  2:59  Drone  
  32  3:00  Overlord, Drone  
  32  3:02  Queen  
  36  3:13  Overlord  
  36  3:25  Drone x2  
  38  3:28  Hatchery  
  38  3:32  Lair  
  37  3:52  Drone x5  
  37  3:53  Drone x3  
  45  3:58  Extractor x2  
  45  4:00  Drone x3  
  45  4:02  Extractor  
  45  4:10  Overlord x2, Zergling x2  
  45  4:12  Drone  
  47  4:26  Overlord  
  47  4:27  Zergling x2  
  47  4:28  Zergling x4  
  50  4:35  Overlord x2  
  50  4:36  Drone x3  
  50  4:37  Drone  
  54  4:47  Spire  
  53  4:53  Zergling x8  
  53  4:54  Zergling x2  
  58  5:05  Drone  
  59  5:07  Drone x2  
  59  5:12  Drone x2  
  63  5:19  Drone  
  64  5:24  Overlord x2  
  64  5:27  Drone  
  65  5:40  Overlord  
  64  6:00  Overseer x2  
  64  6:03  Pneumatized Carapace  
  64  6:06  Drone x4  
  64  6:07  Drone x2  
  64  6:09  Mutalisk x5  
  80  6:17  Zerg Flyer Armor Level 1  
  80  6:18  Mutalisk  
  82  6:21  Zergling x2  
  83  6:28  Mutalisk  
  85  6:34  Drone  
  85  6:35  Drone x2  
  87  6:46  Queen  
  81  6:48  Zergling x10  
  81  6:49  Zergling x2  
  65  7:10  Drone x4  
  65  7:11  Drone x4  
  66  7:23  Mutalisk x4  
  74  7:30  Extractor  
  74  7:32  Mutalisk, Extractor  
  74  7:33  Mutalisk  
  76  7:41  Drone  
  76  7:42  Drone x2  
  79  7:48  Mutalisk  
  79  7:50  Mutalisk  
  83  7:56  Drone x2  
  85  8:11  Mutalisk x2  
  89  8:14  Hatchery  
  89  8:15  Drone x5  
  93  8:20  Queen  
  95  8:28  Drone  
  95  8:29  Drone x2  
  95  8:32  Zerg Flyer Weapons Level 1  
  95  8:34  Overlord x2  
  98  8:35  Mutalisk  
  100  8:47  Mutalisk x3  
  106  8:50  Overlord x2  
  106  8:52  Mutalisk  
  106  8:53  Mutalisk  
  110  8:55  Queen  
  110  9:01  Mutalisk  
  115  9:02  Zergling x2  
  115  9:03  Zergling x6  
  118  9:20  Drone x4  
  118  9:22  Extractor  
  121  9:25  Extractor  
  116  9:49  Mutalisk x2  
  116  9:50  Mutalisk x2  
  116  9:51  Zergling x12  
  116  9:52  Zergling x8  
  134  9:55  Centrifical Hooks  
  134  10:07  Baneling x4  
  134  10:08  Baneling x3  
  134  10:09  Mutalisk x3  
  134  10:10  Mutalisk  
  142  10:18  Baneling x5  
  142  10:19  Baneling  
  142  10:20  Baneling  
  142  10:26  Drone x6  
  142  10:27  Drone x4  
  152  10:46  Mutalisk  
  152  10:47  Mutalisk x3  
  160  10:52  Overlord x5  
  160  11:09  Queen  
  162  11:11  Drone x2  
  162  11:12  Drone x2  
  162  11:18  Spire  
  165  11:22  Infestation Pit  
  130  11:41  Mutalisk x5  
  130  11:42  Mutalisk x3  
  130  11:43  Overlord, Zergling x4  
  130  11:44  Zergling x8  
  134  11:59  Mutalisk x2  
  134  12:00  Mutalisk x2  
  125  12:27  Hatchery  
  125  12:28  Hatchery  
  113  12:50  Mutalisk x5  
  113  12:51  Mutalisk x6  
  135  13:05  Zerg Flyer Armor Level 2  
  135  13:08  Zerg Flyer Weapons Level 2  
  135  13:11  Zergling x2  
  135  13:12  Zergling x14  
  143  13:13  Zergling x4  
  126  13:32  Mutalisk x3  
  126  13:33  Mutalisk x2  
  123  13:34  Zergling x2  
  123  13:35  Zergling x6  
  126  13:42  Mutalisk  
  126  13:43  Mutalisk  
  130  13:52  Queen  
  130  13:55  Mutalisk x3  
  132  14:00  Drone x3  
  132  14:01  Drone x6  
  132  14:02  Drone x2  
  136  14:23  Mutalisk x3  
  136  14:24  Mutalisk x3  
  122  14:41  Drone x5  
  122  14:42  Drone x7  
  122  14:43  Drone x6  
  138  14:57  Drone x4  
  138  14:58  Drone x2  
  140  15:16  Zergling x8  
  140  15:17  Zergling x14  
  140  15:18  Zergling x2  
  152  15:31  Extractor  
  152  15:32  Extractor  
  150  15:42  Mutalisk x2  
  150  15:43  Mutalisk x5  
  150  15:48  Baneling x3  
  150  15:49  Baneling x7  
  164  15:50  Baneling x7  
  164  15:51  Baneling x6  
  164  15:52  Baneling  
  164  15:53  Mutalisk x2  
  164  15:55  Zergling x6  
  164  15:56  Zergling x14  
  179  15:57  Zergling x6  
  181  16:06  Drone x6  
  181  16:07  Drone  
  188  16:17  Mutalisk x4  
  188  16:18  Mutalisk  
  198  16:19  Mutalisk  
  200  16:29  Hive  
  182  16:52  Extractor  
  158  16:55  Extractor  
  143  17:09  Mutalisk x5  
  143  17:10  Mutalisk x6  
  122  17:34  Zergling x10  
  122  17:35  Zergling x14  
  122  17:36  Zergling x12  
  109  17:51  Zergling x6  
  109  17:52  Zergling x6  
  112  18:00  Drone x4  
  112  18:01  Drone x2  
  111  18:11  Baneling  
  111  18:12  Baneling x21  
  111  18:13  Baneling x17  
Tags
 
Add a new tag
Caveats
  • Supply blocks, unpowered buildings, or Contaminate may cause inaccurate times.
  • Supply counts are checked every 10 seconds.